 Dungeon Crawl Stone Soup version 0.22.1-2-g9c5b331 (webtiles) character file.

210 Miyamura the Grasshopper (level 5, 0/43 HPs)
             Began as a Gnoll Warper on Dec 15, 2018.
             Slain by an ogre
             ... wielding a +0 giant spiked club
              (24 damage)
             ... on level 4 of the Dungeon.
             The game lasted 00:09:37 (3773 turns).

Miyamura the Grasshopper (Gnoll Warper)             Turns: 3773, Time: 00:09:38

Health: 0/43       AC:  6    Str: 14    XL:     5   Next: 88%
Magic:  12/12      EV: 10    Int: 15    God:
Gold:   193        SH:  8    Dex: 15    Spells: 12/14 levels left

rFire    . . .     SeeInvis .   g - +1 dagger (venom)
rCold    . . .     Gourm    .   v - +0 shield
rNeg     . . .     Faith    .   j - +0 ring mail
rPois    .         Spirit   .   (no helmet)
rElec    .         Reflect  .   k - +0 cloak
rCorr    .         Harm     .   (no gloves)
MR       .....                  (no boots)
Stlth    +.........             (no amulet)
HPRegen  0.14/turn              (no ring)
MPRegen  0.13/turn              (no ring)

@: no status effects
A: distributed training, fangs 1, strong nose
a: no special abilities


You were on level 4 of the Dungeon.
You were not hungry.

You visited 1 branch of the dungeon, and saw 4 of its levels.

You collected 193 gold pieces.

Inventory:

Hand Weapons
 a - a +0 falchion
 g - a +1 dagger of venom (weapon)
Missiles
 e - 5 tomahawks of dispersal (quivered)
 l - 75 stones
 r - 37 poisoned needles
 s - 18 bolts
 w - 28 arrows
 C - 7 javelins
Armour
 j - a +0 ring mail (worn)
 k - a +0 cloak (worn)
 u - a +0 large shield
 v - a +0 shield (worn)
Wands
 x - a wand of polymorph (5)
Scrolls
 b - 3 scrolls of remove curse
 c - a scroll of fog {unknown}
 d - a scroll of blinking
 h - 5 scrolls of teleportation {unknown}
 y - a scroll of fear {unknown}
 z - a scroll of enchant armour {unknown}
 A - 2 scrolls of identify {unknown}
 E - a scroll of enchant weapon {unknown}
Potions
 i - a potion of heal wounds {unknown}
 m - a potion of experience {unknown}
 n - a potion of berserk rage
 o - a potion of invisibility {unknown}
 p - a potion of brilliance {unknown}
 q - a potion of lignification {unknown}
 t - a potion of flight
 B - a potion of resistance {unknown}
Comestibles
 f - 4 rations


   Skills:
 + Level 4.8 Fighting
 + Level 1.6 Short Blades
 + Level 4.8 Long Blades
 + Level 1.6 Axes
 + Level 1.6 Maces & Flails
 + Level 1.6 Polearms
 + Level 1.6 Staves
 + Level 1.6 Slings
 + Level 1.6 Bows
 + Level 1.6 Crossbows
 + Level 3.0 Throwing
 + Level 3.0 Armour
 + Level 4.8 Dodging
 + Level 1.6 Stealth
 + Level 1.6 Shields
 + Level 1.6 Unarmed Combat
 + Level 5.2 Spellcasting
 + Level 1.3 Conjurations
 + Level 1.3 Hexes
 + Level 1.3 Charms
 + Level 1.3 Summonings
 + Level 1.3 Necromancy
 + Level 5.6 Translocations
 + Level 1.3 Transmutations
 + Level 1.3 Fire Magic
 + Level 1.3 Ice Magic
 + Level 1.3 Air Magic
 + Level 1.3 Earth Magic
 + Level 1.3 Poison Magic
 + Level 1.8 Invocations
 + Level 1.6 Evocations


You had 12 spell levels left.
You knew the following spells:

 Your Spells              Type           Power        Failure   Level  Hunger
b - Blink                 Tloc           N/A          28%         2    ##.....

Your spell library contained the following spells:

 Spells                   Type           Power        Failure   Level  Hunger
 Gell's Gravitas          Tloc           ###.......   50%         3    ###....
 Lesser Beckoning         Tloc           ###.......   50%         3    ###....
 Teleport Other           Tloc           ###.....     50%         3    ###....
 Shroud of Golubria       Chrm/Tloc      ##........   54%         2    ##.....
 Passage of Golubria      Tloc           N/A          88%         4    ####...


Dungeon Overview and Level Annotations

Branches:
Dungeon (4/15)
 Temple: D:4-7

Altars:
Vehumet
Wu Jian
The Shining One


Innate Abilities, Weirdness & Mutations

Your experience applies equally to all skills.
You have very sharp teeth.
Your uncanny sense of smell can sniff out nearby items.


Message History

The ogre is lightly wounded.
The ogre hits you with a giant spiked club!!
You are too injured to fight recklessly!
An ogre is nearby!
You are too injured to fight recklessly!
An ogre is nearby!
You are too injured to fight recklessly!
Evoke which item? (* to show all) (? for menu, Esc to quit)
Aiming: Polymorph
Press: ? - help, Shift-Dir - straight line, f - ogre
Aim: an ogre, wielding a giant spiked club (lightly wounded, poisoned, chance
Okay, then.
As you read the scroll labeled FUMAIC TOLAY, it crumbles to dust.
You feel blessed for a moment.
It was a scroll of remove curse.
The ogre looks more healthy.
Your shield and ring mail prevent you from hitting the ogre.
The ogre is moderately wounded.
The ogre hits you with a giant spiked club!!
Ouch! That really hurt!
You die...

..........##...#...##.#
#........###..#..#..#.#
##.......# ∆#..#.O#..#
###.....## #O.#.#.#
###....## ##..##.#
###...# #####.# #...#
##..#
########...########...#
................@O....#
#########...####...####
#...###...##
#...##...## #...#..###
#.....## #....## #...##
#..##


You could see an ogre.

Vanquished Creatures
  An orc wizard (D:4)
  Robin (D:2)
  3 adders
  An ooze (D:1)
  5 worms
  2 dart slugs
  A leopard gecko (D:4)
  14 orcs
  6 giant cockroaches
  24 goblins
  12 hobgoblins
  2 jackals (D:4)
  2 quokkas
  A ball python (D:3)
  5 bats
  4 frilled lizards
  12 kobolds
  6 rats
102 creatures vanquished.

Notes
Turn   | Place    | Note
-------+----------+-------------------------------------------
     0 | D:1      | Miyamura the Gnoll Warper began the quest for the Orb.
     0 | D:1      | Reached XP level 1. HP: 20/20 MP: 6/6
   302 | D:1      | Reached XP level 2. HP: 26/26 MP: 7/7
   855 | D:1      | Reached XP level 3. HP: 31/31 MP: 9/9
   922 | D:1      | Reached skill level 5 in Spellcasting
  1031 | D:1      | Learned a level 2 spell: Blink
  1379 | D:2      | Found a radiant altar of Vehumet.
  1382 | D:2      | Found an ornate altar of the Wu Jian Council.
  1385 | D:2      | Found a glowing golden altar of the Shining One.
  1408 | D:2      | Reached skill level 1 in Invocations
  1488 | D:2      | Noticed Robin
  1592 | D:2      | Reached skill level 1 in Short Blades
  1592 | D:2      | Reached skill level 1 in Axes
  1592 | D:2      | Reached skill level 1 in Maces & Flails
  1592 | D:2      | Reached skill level 1 in Polearms
  1592 | D:2      | Reached skill level 1 in Staves
  1592 | D:2      | Reached skill level 1 in Slings
  1592 | D:2      | Reached skill level 1 in Bows
  1592 | D:2      | Reached skill level 1 in Crossbows
  1592 | D:2      | Reached skill level 1 in Stealth
  1592 | D:2      | Reached skill level 1 in Shields
  1592 | D:2      | Reached skill level 1 in Unarmed Combat
  1592 | D:2      | Reached skill level 1 in Evocations
  1600 | D:2      | Reached XP level 4. HP: 30/38 MP: 11/11
  1743 | D:2      | Killed Robin
  2261 | D:3      | Reached skill level 1 in Conjurations
  2261 | D:3      | Reached skill level 1 in Hexes
  2261 | D:3      | Reached skill level 1 in Charms
  2261 | D:3      | Reached skill level 1 in Summonings
  2261 | D:3      | Reached skill level 1 in Necromancy
  2261 | D:3      | Reached skill level 1 in Transmutations
  2261 | D:3      | Reached skill level 1 in Fire Magic
  2261 | D:3      | Reached skill level 1 in Ice Magic
  2261 | D:3      | Reached skill level 1 in Air Magic
  2261 | D:3      | Reached skill level 1 in Earth Magic
  2261 | D:3      | Reached skill level 1 in Poison Magic
  2508 | D:3      | Reached XP level 5. HP: 43/43 MP: 12/12
  3758 | D:4      | Noticed an ogre
  3773 | D:4      | Slain by an ogre

Skill      XL: |  1  2  3  4  5 |
---------------+----------------+-----
Spellcasting   | 5 |  5.2
Invocations    | 1 |  1.8
Short Blades   | 1 |  1.6
Axes           | 1 |  1.6
Maces & Flails | 1 |  1.6
Polearms       | 1 |  1.6
Staves         | 1 |  1.6
Slings         | 1 |  1.6
Bows           | 1 |  1.6
Crossbows      | 1 |  1.6
Stealth        | 1 |  1.6
Shields        | 1 |  1.6
Unarmed Combat | 1 |  1.6
Evocations     | 1 |  1.6
Conjurations   | 1 |  1.3
Hexes          | 1 |  1.3
Charms         | 1 |  1.3
Summonings     | 1 |  1.3
Necromancy     | 1 |  1.3
Transmutations | 1 |  1.3
Fire Magic     | 1 |  1.3
Ice Magic      | 1 |  1.3
Air Magic      | 1 |  1.3
Earth Magic    | 1 |  1.3
Poison Magic   | 1 |  1.3
Throwing       | 3 |  3.0
Armour         | 3 |  3.0
Fighting       | |  4.8
Long Blades    | |  4.8
Dodging        | |  4.8
Translocations | |  5.6

Action                   |  1- 3 |  4- 6 || total
-------------------------+-------+-------++-------
Melee: Falchion          |     7 |       ||     7
       Bite              |    25 |    34 ||    59
       Dagger            |   115 |   190 ||   305
       Unarmed           |       |     6 ||     6
  Use: Potion            |     1 |       ||     1
       Scroll            |       |     1 ||     1
 Stab: Sleeping          |     1 |       ||     1
       Distracted        |       |     1 ||     1
  Eat: Chunk             |     2 |     7 ||     9
Armor: Leather armour    |    12 |       ||    12
       Ring mail         |    34 |    56 ||    90
       Skin              |       |     2 ||     2
Dodge: Dodged            |    96 |    58 ||   154
Block: Shield            |    30 |    56 ||    86
       Rpst.: Falchion   |     6 |       ||     6
